 Dungeon Crawl Stone Soup version 0.31-a0-188-g5e087ee2ca (webtiles) character file.

Game seed: 9071088544956979870

12322 TittyCrusher the Destroyer (level 11, -10/61 HPs)
             Began as an Octopode Conjurer on June 23, 2023.
             Was an Elder of Vehumet.
             Killed from afar by Lodul (29 damage)
             ... with a bolt of lightning
             ... on level 11 of the Dungeon.
             The game lasted 00:51:14 (15576 turns).

TittyCrusher the Destroyer (Octopode Conjurer)     Turns: 15576, Time: 00:51:15

Health: -10/61     AC:  1    Str: 10    XL:     11   Next: 91%
Magic:  23/23      EV: 14    Int: 20    God:    Vehumet [****..]
Gold:   865        SH: 10    Dex: 12    Spells: 1/16 levels left

rFire   + . .        a - +2 dagger (freeze)
rCold   . . .        n - +2 buckler
rNeg    . . .        (helmet restricted)
rPois   +            u - amulet of reflection
rElec   .            C - ring of magical power
rCorr   .            G - ring of protection from fire
SInv    .            k - ring of poison resistance
Will    .....        (no ring)
Stlth   +++          (no ring)
HPRegen 0.30/turn    (no ring)
MPRegen 0.18/turn    (no ring)
                     (no ring)

%: reflection
@: hasted, very quick
A: almost no armour, amphibious, 8 rings, camouflage 1, gelatinous body 1,
(nimble swimmer 1), tentacles, low MP 1, noise suppression
a: Renounce Religion


You were on level 11 of the Dungeon.
You worshipped Vehumet.
Vehumet was greatly pleased with you.
You visited 2 branches of the dungeon, and saw 12 of its levels.

You collected 865 gold pieces.

Inventory:

Hand Weapons
 a - a +2 dagger of freezing (weapon)
 b - a +0 sling
 m - a +1 whip of electrocution
 x - a +0 dagger of draining
 B - a +5 trident of freezing
 I - a +1 spear of venom
 K - a +2 dagger of speed
Missiles
 d - 84 stones
 v - 3 throwing nets
 D - 17 poisoned darts
Armour
 n - a +2 buckler (worn)
Magical Staves
 w - a staff of fire
 y - a staff of cold
Jewellery
 i - an amulet of the acrobat
 k - a ring of poison resistance (on tentacle)
 u - an amulet of reflection (around mantle)
 C - a ring of magical power (left tentacle)
 G - a ring of protection from fire (right tentacle)
Wands
 c - a wand of charming (9)
 h - a wand of quicksilver (15)
 s - a wand of flame (40)
Scrolls
 j - a scroll of immolation
 o - a scroll of butterflies
 r - a scroll of poison
 E - a scroll of revelation
 J - a scroll of blinking {unknown}
 L - a scroll of amnesia {unknown}
Potions
 e - 2 potions of magic
 f - a potion of haste
 g - 2 potions of brilliance
 l - a potion of ambrosia
 p - 2 potions of lignification
 q - a potion of curing
 z - 2 potions of berserk rage
 A - 2 potions of might
 F - a potion of resistance {unknown}


   Skills:
 + Level 6.5 Dodging
 - Level 2.6 Stealth
 - Level 3.0 Spellcasting
 - Level 14.7 Conjurations
 - Level 8.9 Hexes
 - Level 4.3 Translocations


You had one spell level left.
You knew the following spells:

 Your Spells              Type           Power      Damage    Failure   Level
a - Magic Dart            Conj           100%       1d8       1%          1
b - Searing Ray           Conj           100%       2d8       1%          2
c - Fulminant Prism       Conj/Hex       25%        3d14      1%          4
d - Iskenderun's Mystic   Conj/Tloc      41%        2d9       1%          4
e - Dazzling Flash        Conj/Hex       100%       N/A       1%          3
f - Slow                  Hex            100%       N/A       1%          1

Your spell library contained the following spells:

 Spells                   Type           Power      Damage    Failure   Level
 Sticky Flame             Conj/Fire      32%        2d5       3%          4
 Confusing Touch          Hex            38%        N/A       1%          3
 Leda's Liquefaction      Hex/Erth       10%        N/A       34%         4
 Leda's Unmaking          Conj/Erth      16%        9d3       36%         6
 Vampiric Draining        Necr           3%         2d6       54%         3
 Lee's Rapid Deconstruct  Erth           1%         3d4*      78%         5
 Statue Form              Tmut/Erth      2%         N/A       100%        6


Dungeon Overview and Level Annotations

Branches:
Dungeon (11/15)            Temple (1/1) D:5            Lair (0/5) D:11
    Orc (0/2) D:10

Altars:
Ashenzari
Cheibriados
Dithmenos
Elyvilon
Fedhas
Gozag
Hepliaklqana
Kikubaaqudgha
Makhleb
Nemelex Xobeh
Okawaru
Ru
Sif Muna
Trog
Vehumet
Wu Jian
Yredelemnul
Zin
The Shining One

Annotations:
D:6 3 runed translucent doors, Jeffwins's ghost, novice OpWn
D:8 exclusion: downstairs
D:9 3 runed translucent doors, exclusion: downstairs, haplo13's ghost, novice MiFi
D:10 exclusion: 2 downstairs
D:11 3 runed translucent doors, Lodul; Urug


Innate Abilities, Weirdness & Mutations

You cannot wear most types of armour.
You are amphibious.
You can wear up to eight rings at the same time.
Your skin changes colour to match your surroundings (Stealth+).
Your rubbery body absorbs attacks. (AC +1, EV +1)
((You are camouflaged when in or above water. (Stealth+)))
You have tentacles for arms and can constrict up to eight enemies at once.
Your magical capacity is low. (-10% MP)
You passively dampen the noise of your surroundings.


Message History

Electricity crackles from Lodul's apparatus.
The bolt of lightning hits you!!
* * * LOW HITPOINT WARNING * * *
Your ogre hits Lodul with a +0 giant spiked club!!
Aiming: Charm
Press: ? - help, Shift-Dir - straight line, f - ogre
Aim: an ogre, wielding a +0 giant club (chance to affect: 49%)
The ogre resists with some effort.
Lodul hits your ogre with a +0 dire flail.
Unknown command.
Unknown command.
Unknown command.
Aiming: Charm
Press: ? - help, Shift-Dir - straight line, f/p - ogre
Aim: an ogre, wielding a +0 giant club (chance to affect: 49%)
The ogre resists with some effort.
Your ogre hits Lodul with a +0 giant spiked club!!
Unknown command.
Unknown command.
Unknown command.
Aiming: Charm
Press: ? - help, Shift-Dir - straight line, f/p - ogre
Aim: an ogre, wielding a +0 giant club (chance to affect: 49%)
The ogre is charmed.
An ogre comes into view. It is wielding a +0 giant spiked club.
Lodul says, "Productive ogre is happy ogre."
Lodul hits your ogre with a +0 dire flail!!
Your ogre dies!
The ogre shouts!
Unknown command.
Unknown command.
As you read the scroll labelled WAGYWO INUWK, it crumbles to dust.
You assume a fearsome visage.
Lodul looks frightened!
The ogre looks frightened! x3; It was a scroll of fear.
You feel yourself speed up.
Unknown command.
An ogre comes into view. It is wielding a +0 giant club.
Electricity crackles from Lodul's apparatus.
The bolt of lightning hits you!!
You die...

...#.###..........P.....###.#
##.#.........o...O.OP.......#
...##..#......................
..÷........##.....).........#.
..#.......#......)O.#.......#
..###+++###.......###########
..#)..wuuu#......)#
..#!#...#u#......O#
..#...#...#####.@.#
#.#.#§!.#!# #...# #.##.#.#.##
#...# #.# # .. . #...# #.#
#...# #.# #...# #.# #...# #.#
##### #.#


You could see Lodul (fleeing), Urug (distracted), 2 ogres and a friendly ogre
(charmed).

Vanquished Creatures
  A hydra (D:8)
  3 two-headed ogres
  Maurice (D:10)
  A gargoyle (D:11)
  An unseen horror (D:10)
  6 trolls
  A vampire (D:9)
  9 yaks
  3 wraiths
  5 wyverns
  A steam dragon (D:8)
  2 vampire mosquitoes (D:11)
  An acid dragon (D:9)
  4 water moccasins
  A black bear (D:6)
  6 orc warriors
  An ice beast (D:7)
  2 ogres
  2 centaurs
  2 kobold brigands
  5 bullfrogs
  5 scorpions
  10 wights
  4 killer bees (D:8)
  5 howler monkeys
  10 orc priests
  2 gnoll boudas (D:7)
  2 hounds (D:5)
  3 sleepcaps
  Natasha (thrice) (D:4 D:3)
  7 iguanas
  10 orc wizards
  7 adders
  24 gnolls
  2 shadow imps (D:7)
  5 white imps
  An ufetubus (D:6)
  A worm (D:5)
  5 dart slugs
  49 orcs
  6 bats
  6 endoplasms
  3 giant cockroaches
  4 goblins
  14 hobgoblins
  4 jackals (D:1)
  17 kobolds
  6 quokkas
  4 ball pythons
  4 frilled lizards
  7 rats
288 creatures vanquished.

Vanquished Creatures (collateral kills)
  An ogre (D:11)
  An orc wizard (D:8)
  4 gnolls (D:9)
  2 orcs (D:8)
8 creatures vanquished.

Vanquished Creatures (others)
  A troll (D:11)
  An orc warrior (D:8)
  An ogre (D:11)
  A gnoll sergeant (D:9)
  105 fulminant prisms
109 creatures vanquished.

Grand Total: 405 creatures vanquished

Notes
Turn   | Place    | Note
-------+----------+-------------------------------------------
     0 | D:1      | TittyCrusher the Octopode Conjurer began the quest for the
                  | Orb.
     0 | D:1      | Reached XP level 1. HP: 11/11 MP: 3/3
   123 | D:1      | Reached XP level 2. HP: 17/17 MP: 1/5
   659 | D:1      | Reached XP level 3. HP: 21/21 MP: 4/7
   842 | D:1      | Learned a level 2 spell: Searing Ray
  1268 | D:2      | Reached XP level 4. HP: 27/27 MP: 1/8
  1382 | D:2      | Learned a level 4 spell: Fulminant Prism
  1625 | D:1      | Reached skill level 5 in Conjurations
  1938 | D:3      | You fall into a shaft and drop 2 floors!
  1938 | D:5      | Entered Level 5 of the Dungeon
  1938 | D:5      | Found a staircase to the Ecumenical Temple.
  1941 | Temple   | Entered the Ecumenical Temple
  2185 | Temple   | Became a worshipper of Vehumet
  2336 | D:5      | Reached skill level 1 in Hexes
  2412 | D:4      | Noticed Natasha
  2416 | D:4      | Killed Natasha
  2417 | D:4      | Reached XP level 5. HP: 31/31 MP: 4/9
  2486 | D:4      | Noticed Natasha
  2549 | D:4      | Killed Natasha
  2611 | D:4      | Found an ornate altar of the Wu Jian Council.
  2624 | D:4      | Reached XP level 6. HP: 36/36 MP: 8/10
  3356 | D:3      | Reached * piety under Vehumet
  3356 | D:3      | Offered knowledge of Freeze by Vehumet.
  4014 | D:4      | Noticed Natasha
  4143 | D:3      | Killed Natasha
  4566 | D:4      | Reached XP level 7. HP: 41/41 MP: 8/11
  4807 | D:5      | Reached skill level 5 in Hexes
  5091 | D:5      | Reached skill level 6 in Conjurations
  5497 | D:5      | Offered knowledge of Momentum Strike by Vehumet.
  5915 | D:6      | Reached XP level 8. HP: 46/46 MP: 4/12
  6056 | D:5      | Reached skill level 7 in Conjurations
  6122 | D:5      | Reached ** piety under Vehumet
  6838 | D:6      | Reached skill level 8 in Conjurations
  7112 | D:6      | Gained mutation: Your magical capacity is low. (-10% MP)
                  | [potion of mutation]
  7112 | D:6      | Gained mutation: You occasionally lose the ability to drink
                  | potions when taking damage. [potion of mutation]
  7112 | D:6      | Gained mutation: One of your tentacles bears a spike.
                  | [potion of mutation]
  7113 | D:6      | Lost mutation: One of your tentacles bears a spike. [potion
                  | of mutation]
  7113 | D:6      | Lost mutation: You occasionally lose the ability to drink
                  | potions when taking damage. [potion of mutation]
  7113 | D:6      | Gained mutation: You passively dampen the noise of your
                  | surroundings. [potion of mutation]
  7436 | D:6      | Reached XP level 9. HP: 51/51 MP: 7/12
  7452 | D:6      | Learned a level 4 spell: Iskenderun's Mystic Blast
  7593 | D:6      | Found a runed translucent gate.
  7593 | D:6      | Noticed Jeffwins's ghost (novice OpWn)
  7594 | D:6      | Found a runed translucent gate.
  7594 | D:6      | Identified the +10 chain mail of the Trees {rElec rC-
                  | Will+}
  7595 | D:6      | Found a runed translucent gate.
  8559 | D:7      | Reached skill level 9 in Conjurations
  8911 | D:7      | Offered knowledge of Static Discharge by Vehumet.
  9503 | D:7      | Reached skill level 1 in Translocations
  9698 | D:7      | Learned a level 3 spell: Dazzling Flash
  9993 | D:8      | Reached *** piety under Vehumet
 10028 | D:8      | Noticed a seven-headed hydra
 10437 | D:8      | Offered knowledge of Mephitic Cloud by Vehumet.
 10606 | D:8      | Killed a seven-headed hydra
 10607 | D:8      | Reached skill level 10 in Conjurations
 10607 | D:8      | Reached XP level 10. HP: 56/56 MP: 11/13
 10740 | D:8      | Found the +1 robe of Vines {NoPotionHeal Regen++++}
 10752 | D:8      | Reached skill level 11 in Conjurations
 11192 | D:9      | Noticed a two-headed ogre
 11381 | D:9      | Reached **** piety under Vehumet
 11428 | D:9      | Reached skill level 12 in Conjurations
 11566 | D:9      | Offered knowledge of Sticky Flame by Vehumet.
 11771 | D:9      | Killed a two-headed ogre
 12179 | D:9      | Found a runed translucent gate.
 12179 | D:9      | Found a runed translucent gate.
 12179 | D:9      | Found a runed translucent gate.
 12181 | D:9      | Found an opulent altar of Gozag.
 12184 | D:9      | Noticed haplo13's ghost (novice MiFi)
 12438 | D:10     | Entered Level 10 of the Dungeon
 12493 | D:10     | Reached skill level 13 in Conjurations
 12725 | D:10     | Noticed a two-headed ogre
 12814 | D:10     | Killed a two-headed ogre
 12815 | D:10     | Reached XP level 11. HP: 61/61 MP: 9/14
 12827 | D:9      | Learned a level 1 spell: Slow
 13094 | D:10     | Noticed Maurice
 13101 | D:10     | Killed Maurice
 13354 | D:10     | Reached skill level 14 in Conjurations
 13640 | D:10     | Found a staircase to the Orcish Mines.
 13939 | D:11     | Noticed a two-headed ogre
 14016 | D:11     | Noticed a two-headed ogre
 14025 | D:11     | Killed a two-headed ogre
 14475 | D:11     | Found a runed translucent gate.
 14475 | D:11     | Noticed a cyan ugly thing
 14475 | D:11     | Noticed a red ugly thing
 14475 | D:11     | Noticed a brown ugly thing
 14478 | D:11     | Found a runed translucent gate.
 14478 | D:11     | Found a runed translucent gate.
 14479 | D:11     | Noticed a green ugly thing
 14483 | D:11     | Noticed a steelbarb worm
 14487 | D:11     | a steelbarb worm changed into a merfolk
 14489 | D:11     | a merfolk changed into an alligator
 14489 | D:11     | Noticed an alligator (glowing shapeshifter)
 14490 | D:11     | an alligator changed into an ettin
 14490 | D:11     | Noticed an ettin (glowing shapeshifter)
 14491 | D:11     | an ettin changed into a spark wasp
 14491 | D:11     | Noticed a spark wasp (glowing shapeshifter)
 14495 | D:11     | a spark wasp changed into a wolf spider
 14495 | D:11     | Noticed a wolf spider (glowing shapeshifter)
 14502 | D:11     | a wolf spider changed into a torpor snail
 14506 | D:11     | a torpor snail changed into a moth of wrath
 14506 | D:11     | Noticed a moth of wrath (glowing shapeshifter)
 14508 | D:11     | a moth of wrath changed into a fire crab
 14508 | D:11     | Noticed a fire crab (glowing shapeshifter)
 14509 | D:11     | a fire crab changed into a moth of wrath
 14509 | D:11     | Noticed a moth of wrath (glowing shapeshifter)
 14511 | D:11     | a moth of wrath changed into a shock serpent
 14511 | D:11     | Noticed a shock serpent (glowing shapeshifter)
 14513 | D:11     | a shock serpent changed into a fire dragon
 14513 | D:11     | Noticed a fire dragon (glowing shapeshifter)
 14521 | D:11     | a fire dragon changed into a radroach
 14521 | D:11     | Noticed a radroach (glowing shapeshifter)
 14522 | D:11     | a radroach changed into a wolf spider
 14522 | D:11     | Noticed a wolf spider (glowing shapeshifter)
 14524 | D:11     | a wolf spider changed into a bunyip
 14524 | D:11     | Noticed a bunyip (glowing shapeshifter)
 14526 | D:11     | a bunyip changed into a quicksilver ooze
 14526 | D:11     | Noticed a quicksilver ooze (glowing shapeshifter)
 14531 | D:11     | a quicksilver ooze changed into a satyr
 14531 | D:11     | Noticed a satyr (glowing shapeshifter)
 14534 | D:11     | a satyr changed into a slime creature
 14535 | D:11     | a slime creature changed into a two-headed ogre
 14535 | D:11     | Noticed a two-headed ogre (glowing shapeshifter)
 14537 | D:11     | a two-headed ogre changed into a floating eye
 14539 | D:11     | a floating eye changed into an orb spider
 14539 | D:11     | Noticed an orb spider (glowing shapeshifter)
 14541 | D:11     | an orb spider changed into a death drake
 14541 | D:11     | Noticed a death drake (glowing shapeshifter)
 14545 | D:11     | a death drake changed into a shock serpent
 14545 | D:11     | Noticed a shock serpent (glowing shapeshifter)
 14546 | D:11     | a shock serpent changed into an elephant
 14548 | D:11     | an elephant changed into a shining eye
 14548 | D:11     | Noticed a shining eye (glowing shapeshifter)
 14562 | D:11     | a shining eye changed into a merfolk
 14564 | D:11     | a merfolk changed into a manticore
 14564 | D:11     | Noticed a manticore (glowing shapeshifter)
 14565 | D:11     | a manticore changed into a wind drake
 14572 | D:11     | a jumping spider changed into a death drake
 14572 | D:11     | Noticed a death drake (glowing shapeshifter)
 14573 | D:11     | a death drake changed into a radroach
 14573 | D:11     | Noticed a radroach (glowing shapeshifter)
 14579 | D:11     | a radroach changed into a goliath frog
 14579 | D:11     | Noticed a goliath frog (glowing shapeshifter)
 14589 | D:11     | a goliath frog changed into a quicksilver ooze
 14589 | D:11     | Noticed a quicksilver ooze (glowing shapeshifter)
 14597 | D:11     | a quicksilver ooze changed into a goliath frog
 14597 | D:11     | Noticed a goliath frog (glowing shapeshifter)
 14601 | D:11     | a goliath frog changed into a spark wasp
 14601 | D:11     | Noticed a spark wasp (glowing shapeshifter)
 14605 | D:11     | a spark wasp changed into a radroach
 14605 | D:11     | Noticed a radroach (glowing shapeshifter)
 14606 | D:11     | a radroach changed into a quicksilver ooze
 14606 | D:11     | Noticed a quicksilver ooze (glowing shapeshifter)
 14608 | D:11     | a quicksilver ooze changed into an emperor scorpion
 14608 | D:11     | Noticed an emperor scorpion (glowing shapeshifter)
 14611 | D:11     | an emperor scorpion changed into a minotaur
 14611 | D:11     | Noticed a minotaur (glowing shapeshifter)
 14612 | D:11     | a minotaur changed into a tyrant leech
 14614 | D:11     | a tyrant leech changed into a death yak
 14614 | D:11     | Noticed a death yak (glowing shapeshifter)
 14621 | D:11     | Found a staircase to the Lair.
 14622 | D:11     | a death yak changed into an emperor scorpion
 14622 | D:11     | Noticed an emperor scorpion (glowing shapeshifter)
 14649 | D:11     | Noticed Urug
 14975 | D:11     | Reached skill level 5 in Dodging
 15566 | D:11     | Noticed Lodul
 15576 | D:11     | Killed from afar by Lodul

Illustrated notes

Levels and vault maps discovered:
D:1:      lightli_arrival_statue_moat, layout_basic,
          amcnicky_mini_corridor_feature
D:2:      layout_rooms
D:3:      layout_basic, serial_bayou_lagoon_a, minmay_gold_behind_fungi
D:4:      layout_cave_pools, nicolae_wu_jian_wuxing_cycle, uniq_natasha
D:5:      layout_basic, temple_green
D:6:      hellmonk_ruined_rings, layout_cave_pools, biasface_ghost_orc_armoury,
          st_stairs_8
D:7:      layout_basic
D:8:      layout_cave_pools, hellmonk_guarded_unrand_vines
D:9:      layout_roguey, ebering_ghost_gozag
D:10:     layout_irregular_city, orc_david_3, uniq_maurice
D:11:     layout_basic, minmay_lair_entry_grove,
          ploomutoo_gammafunk_ghost_potion_laboratory, uniq_josephine,
          uniq_urug, uniq_lodul
Temple:   mainiacjoe_temple_starburst

Skill      XL: |  1  2  3  4  5  6  7  8  9 10 11 |
---------------+----------------------------------+-----
Spellcasting   | 3 |  3.0
Conjurations   | 5 6 8 10 13 14 | 14.7
Hexes          | 2 3 4 6 7 8 |  8.9
Translocations | 4 |  4.3
Dodging        | 6 |  6.5
Stealth        | |  2.6

Action                     |  1- 3 |  4- 6 |  7- 9 | 10-12 || total
---------------------------+-------+-------+-------+-------++-------
  Melee: Unarmed           |    24 |       |       |       ||    24
         Constrict         |     5 |     4 |     1 |     1 ||    11
         Spear             |     2 |    10 |       |       ||    12
         Tentacles         |     2 |     3 |     1 |       ||     6
         Dagger            |       |     2 |    14 |     3 ||    19
   Fire: Sling             |       |    28 |    11 |       ||    39
   Cast: Magic Dart        |    67 |    68 |   141 |    49 ||   325
         Searing Ray       |     1 |    17 |    82 |    34 ||   134
         Fulminant Prism   |       |       |    11 |    94 ||   105
         Iskenderun's Myst |       |       |       |    12 ||    12
         Slow              |       |       |       |     1 ||     1
  Evoke: Wand              |       |       |    10 |     7 ||    17
    Use: Potion            |       |     4 |     9 |     1 ||    14
         Scroll            |       |     2 |     9 |     6 ||    17
   Stab: Sleeping          |       |     2 |       |       ||     2
 Armour: Skin              |     4 |     2 |     3 |     1 ||    10
  Dodge: Dodged            |    40 |     7 |    46 |    19 ||   112
  Block: Buckler           |       |     2 |    46 |    21 ||    69
         Reflection        |       |       |    11 |     3 ||    14

Table legend: (Time is in decaauts)
 A = Elapsed time spent in this place.
 B = Non-inter-level travel time spent in this place.
 C = Inter-level travel time spent in this place.
 D = Time resting spent in this place.
 E = Time spent auto-exploring this place.
 F = Levels seen in this place.
 G = Mean time per level.
                   A        B        C        D        E       F      G
               +--------+--------+--------+--------+--------+-----+--------+
         Total |  15600 |  14699 |    901 |   4537 |   7051 |  12 | 1300.0 |
       Dungeon |  15241 |  14394 |    847 |   4484 |   6816 |  11 | 1385.5 |
        Temple |    358 |    304 |     54 |     53 |    235 |   1 |  358.0 |
               +--------+--------+--------+--------+--------+-----+--------+

Top non-repeatable levels by time:
     D:5: 2031 daAuts
     D:7: 1967 daAuts
    D:10: 1944 daAuts
     D:9: 1408 daAuts
     D:3: 1301 daAuts
     D:8: 1293 daAuts
     D:6: 1225 daAuts
     D:1: 1177 daAuts
     D:4: 1058 daAuts
    D:11: 1011 daAuts
     D:2: 822 daAuts
  Temple: 358 daAuts
